 Dungeon Crawl Stone Soup version 0.28-a0-233-gb8ca4b6547 (webtiles) character file.

Game seed: 16723565391325478745

51 pokeman the Magician (level 3, -1/20 HPs)
             Began as a Deep Elf Hedge Wizard on Aug 22, 2021.
             Slain by a hobgoblin (4 damage)
             ... on level 1 of the Dungeon.
             The game lasted 00:03:47 (1502 turns).

pokeman the Magician (Deep Elf Hedge Wizard)        Turns: 1502, Time: 00:03:47

Health: -1/20      AC:  3    Str:  7    XL:     3   Next: 57%
Magic:  1/11       EV: 11    Int: 19    God:
Gold:   10         SH:  0    Dex: 14    Spells: 1/12 levels left

rFire   . . .      SeeInvis .   j - +0 spear
rCold   . . .      Faith    .   (no shield)
rNeg    . . .      Spirit   .   e - +0 leather armour
rPois   .          Reflect  .   c - +0 hat
rElec   .          Harm     .   (no cloak)
rCorr   .          Rampage  .   (no gloves)
Will    .....                   (no boots)
Stlth   ++........              (no amulet)
HPRegen 0.06/turn               (no ring)
MPRegen 0.12/turn               (no ring)

@: no status effects
A: no striking features
a: no special abilities


You were on level 1 of the Dungeon.
You visited 1 branch of the dungeon, and saw 2 of its levels.

You collected 10 gold pieces.

Inventory:

Hand Weapons
 j - a +0 spear (weapon)
Missiles
 g - 21 bolts
Armour
 c - a +0 hat (worn)
 e - a +0 leather armour (worn)
Scrolls
 b - a scroll of immolation {unknown}
 d - a scroll of amnesia {unknown}
 f - a scroll of identify {unknown}
 i - a scroll of brand weapon {unknown}
Potions
 a - a potion of lignification {unknown}
 h - a potion of brilliance {unknown}


   Skills:
 + Level 0.9 Fighting
 - Level 1.0 Armour
 + Level 2.4 Dodging
 - Level 2.4 Stealth
 * Level 5.3 Spellcasting
 + Level 2.0 Conjurations
 - Level 1.1 Summonings
 - Level 1.1 Translocations


You had one spell level left.
You knew the following spells:

 Your Spells              Type           Power      Damage    Failure   Level
a - Magic Dart            Conj           48%        1d5       8%          1
b - Mephitic Cloud        Conj/Pois/Air  7%         N/A       38%         3
c - Call Imp              Summ           9%         N/A       17%         2
d - Blink                 Tloc           N/A        N/A       17%         2
e - Conjure Flame         Conj/Fire      8%         6-21      34%         3

Your spell library contained the following spells:

 Spells                   Type           Power      Damage    Failure   Level
 Sting                    Tmut/Pois      20%        1d4       19%         1
 Poisonous Vapours        Pois/Air       10%        N/A       26%         2
 Slow                     Hex            5%         N/A       26%         2
 Olgreb's Toxic Radiance  Pois           5%         N/A       87%         4


Dungeon Overview and Level Annotations

Branches:
Dungeon (2/15)

Altars:


Message History

Aiming: Magic Dart (safe; 8% risk of failure)
Press: ? - help, Shift-Dir - straight line, f/p - gnoll
Aim: a gnoll, wielding a +0 flail and wearing a +0 ring mail (severely wounded, confused, 100% to hit)
The magic dart hits the gnoll but does no damage.
The gnoll is severely wounded.
The hobgoblin hits you.
Casting: Magic Dart (safe; 8% risk of failure)
Confirm with . or Enter, or press ? or * to list all spells.
Aiming: Magic Dart (safe; 8% risk of failure)
Press: ? - help, Shift-Dir - straight line, f/p - gnoll
Aim: a gnoll, wielding a +0 flail and wearing a +0 ring mail (severely wounded, confused, 100% to hit)
The magic dart hits the hobgoblin.
The hobgoblin is severely wounded.
The hobgoblin hits you but does no damage.
The hobgoblin barely misses you.
Casting: Magic Dart (safe; 8% risk of failure)
Confirm with . or Enter, or press ? or * to list all spells.
Aiming: Magic Dart (safe; 8% risk of failure)
Press: ? - help, Shift-Dir - straight line, f/p - gnoll
Aim: a gnoll, wielding a +0 flail and wearing a +0 ring mail (severely wounded, confused, 100% to hit)
The magic dart hits the gnoll but does no damage.
The gnoll is severely wounded.
The hobgoblin hits you but does no damage.
The hobgoblin closely misses you.
Casting: Magic Dart (safe; 8% risk of failure)
Confirm with . or Enter, or press ? or * to list all spells.
You don't have enough magic to cast this spell.
Unknown command.
Unknown command.
The hobgoblin misses you. The hobgoblin barely misses you.
The gnoll hits you with a +0 flail!
Ouch! That really hurt!
* * * LOW HITPOINT WARNING * * *
You climb upwards.
There is a stone staircase leading down here.
Unknown command.
You completely miss the hobgoblin.
The hobgoblin is severely wounded.
The hobgoblin hits you.
You die...

########## #......g@#
#.......g# #........# ######
#........######## .....##
#...............#####
####..###...................#
##.......................#
###.>....######'###.....#
#...####.#≈≈≈≈#...#.....#


You could see 2 hobgoblins.

Vanquished Creatures
  A gnoll (D:2)
  2 dart slugs (D:1)
  3 endoplasms (D:1)
  2 giant cockroaches
  3 hobgoblins
  2 kobolds (D:1)
  A quokka (D:1)
  3 ball pythons (D:1)
  4 bats (D:1)
  3 frilled lizards
  3 goblins
  3 rats
30 creatures vanquished.

Vanquished Creatures (collateral kills)
  A gnoll (D:2)
1 creature vanquished.

Grand Total: 31 creatures vanquished

Notes
Turn   | Place    | Note
-------+----------+-------------------------------------------
     0 | D:1      | pokeman the Deep Elf Hedge Wizard began the quest for the
                  | Orb.
     0 | D:1      | Reached XP level 1. HP: 10/10 MP: 7/7
   225 | D:1      | Reached XP level 2. HP: 16/16 MP: 0/9
   610 | D:1      | Reached skill level 5 in Spellcasting
   804 | D:1      | Reached XP level 3. HP: 20/20 MP: 8/11
   938 | D:1      | Learned a level 3 spell: Mephitic Cloud
   941 | D:1      | Learned a level 2 spell: Call Imp
   944 | D:1      | Learned a level 2 spell: Blink
   948 | D:1      | Learned a level 3 spell: Conjure Flame
  1165 | D:2      | Reached skill level 1 in Armour
  1502 | D:1      | Slain by a hobgoblin

Illustrated notes

Levels and vault maps discovered:
D:1:      ncdulo_wetmaze, layout_rooms, minmay_misc_feat_enclosed,
          amcnicky_mini_rare_corridor_liquid
D:2:      layout_rooms

Skill      XL: |  1  2  3 |
---------------+----------+-----
Spellcasting   | 5 |  5.3
Armour         | 1 |  1.0
Conjurations   | 2 |  2.0
Fighting       | |  0.9
Dodging        | |  2.4
Stealth        | |  2.4
Summonings     | |  1.1
Translocations | |  1.1

Action                   || total
-------------------------++-------
Melee: Dagger            ||     6
       Spear             ||     8
 Cast: Magic Dart        ||    89
       Mephitic Cloud    ||     2
       Call Imp          ||     1
 Stab: Confused          ||     2
Armor: Leather armour    ||    10
Dodge: Dodged            ||    12

Table legend: (Time is in decaauts)
 A = Elapsed time spent in this place.
 B = Non-inter-level travel time spent in this place.
 C = Inter-level travel time spent in this place.
 D = Time resting spent in this place.
 E = Time spent auto-exploring this place.
 F = Levels seen in this place.
 G = Mean time per level.
                   A        B        C        D        E       F      G
               +--------+--------+--------+--------+--------+-----+--------+
         Total |   1511 |   1489 |     22 |    288 |    946 |   2 |  755.5 |
       Dungeon |   1511 |   1489 |     22 |    288 |    946 |   2 |  755.5 |
               +--------+--------+--------+--------+--------+-----+--------+

Top non-repeatable levels by time:
     D:1: 1250 daAuts
     D:2: 261 daAuts
